AoeStats
← ForeverNoob

Arena

510435282Analyzed
2v2 RM · 2d ago on Oct 1, 2026· 40m 2s· 4 players
Game mode
Random Map
Map size
Medium (4 player)
Population
200
Speed
Normal
Resources
Standard
Victory
Conquest
Starting age
Dark Age
Ending age
Imperial Age
RankedLock teamsTeams togetherTeam positionsShared explorationLock speedFull tech treeHidden civsTurbo modeCheats
Victory
Defeat
🇺🇸 Shu · United States
1760
+13
🇺🇸 Armenians · United States
1630
+18
🇨🇱 Jurchens · Chile
1707
-16
🇨🇱 Koreans · Chile
1668
-15
Negroni
10:49 Feudal Age
12:29 Double-Bit Axe
15:01 Castle Age
13:19 Horse Collar
16:01 Bow Saw
21:43 Loom
22:36 Wheelbarrow
23:15 Gold Mining
27:13 Imperial Age
25:44 Stone Mining
26:06 Scale Barding Armor
26:18 Hand Cart
26:39 Forging
26:17 Town Watch
27:10 Chain Barding Armor
27:13 Bloodlines
26:25 Light Cavalry
27:33 Husbandry
27:53 Hussar
29:26 Plate Barding Armor
37:12 Elite Skirmisher
39:09 Chemistry
Burak
10:57 Feudal Age
14:35 Castle Age
12:41 Double-Bit Axe
12:39 Horse Collar
15:37 Bow Saw
19:51 Gold Mining
21:40 Wheelbarrow
23:22 Hand Cart
27:04 Imperial Age
24:32 Fletching
25:24 Gold Shaft Mining
24:51 Stone Mining
25:33 Bodkin Arrow
25:38 Loom
25:33 Crossbowman
26:19 Thumb Ring
27:48 Bracer
28:30 Arbalester
30:13 Chemistry
30:20 Town Watch
31:18 Heavy Plow
32:05 Ballistics
32:56 Masonry
32:27 Treadmill Crane
38:24 Scale Barding Armor
ForeverNoob
10:31 Feudal Age
14:28 Castle Age
12:37 Horse Collar
13:12 Double-Bit Axe
23:13 Wheelbarrow
23:23 Loom
23:54 Bow Saw
23:38 Gold Mining
28:49 Imperial Age
26:10 Man-at-Arms
26:51 Squires
26:52 Scale Mail Armor
27:54 Chain Mail Armor
27:01 Long Swordsman
29:03 Hand Cart
28:26 Two-Handed Swordsman
30:00 Gold Shaft Mining
29:19 Gambesons
30:45 Fereters
30:39 Capped Ram
31:06 Champion
32:17 Siege Ram
33:39 Fortified Wall
34:06 Conscription
34:29 Masonry
36:04 Plate Mail Armor
36:18 Forging
37:37 Heavy Scorpion
39:06 Fletching
39:52 Iron Casting
40:00 Bodkin Arrow
40:29 Ballistics
Muzio
10:00 Feudal Age
13:37 Castle Age
11:41 Double-Bit Axe
12:16 Horse Collar
14:06 Loom
14:42 Bow Saw
24:28 Imperial Age
22:35 Fletching
23:22 Bodkin Arrow
22:51 Crossbowman
24:02 Ballistics
24:23 Gold Mining
25:30 Bracer
27:24 Wheelbarrow
27:43 Padded Archer Armor
28:43 Leather Archer Armor
29:37 Chemistry
28:43 Arbalester
31:50 Leather Archer Armor
38:40 Ring Archer Armor
Connection lost

Rejoining the realm…

Still unreachable

The connection could not be restored.

Session expired

The server has moved on; the page needs a fresh start.